Description

ZvT - 3 hatches + roaches ravagers timing attack

Replay - Basset v llllllllllll - Disco Bloodbath LE

Build Order

Get SALT Encoding   

  12  0:01  Drone  
  13  0:12  Overlord  
  13  0:17  Drone  
  14  0:31  Drone x2  
  16  0:49  Hatchery  
  15  0:52  Drone x2  
  17  0:57  Drone  
  18  1:09  Extractor  
  17  1:13  Spawning Pool  
  17  1:16  Drone x2  
  18  1:28  Drone  
  20  1:50  Overlord  
  20  2:01  Zergling x4  
  20  2:02  Queen x2  
  26  2:09  Metabolic Boost  
  30  2:35  Hatchery  
  31  2:45  Overlord  
  32  2:54  Queen  
  37  3:09  Zergling x8  
  39  3:18  Queen  
  39  3:19  Overlord  
  41  3:22  Zergling x2  
  44  3:35  Extractor  
  44  3:37  Roach Warren  
  47  3:56  Overlord  
  46  4:20  Roach x9  
  46  4:21  Zergling x6  
Spawning Tool Build Advisor. Get it on Overwolf

Go to:

Details

  • Created by: xenlee
  • Published on: Dec 21, 2019
  • Modified on: Dec 21, 2019
  • Patch: 4.11.0
Show
View Real Time Build Order
Export as new Build Order

Comments (0)

There are no comments. Be the first!

Create an account to comment!